 Dungeon Crawl Stone Soup version 0.29.1-2-gbd0b4ee654 (webtiles) character file.

Game seed: 10047422491851704534

338 warriortoast the Sneak (level 6, -1/28 HPs)
             Began as a Spriggan Enchanter on Nov 21, 2022.
             Frozen to death by an endoplasm (3 damage)
             ... on level 4 of the Dungeon.
             The game lasted 00:05:09 (3361 turns).

warriortoast the Sneak (Spriggan Enchanter)         Turns: 3361, Time: 00:05:11

Health: -1/28      AC:  3    Str:  6    XL:     6   Next: 29%
Magic:  3/13       EV: 18    Int: 23    God:
Gold:   105        SH:  0    Dex: 15    Spells: 5/13 levels left

rFire   . . .      SeeInvis +   a - +1 dagger
rCold   . . .      Faith    .   (no shield)
rNeg    . . .      Spirit   .   b - +0 robe
rPois   .          Reflect  .   f - +1 hat
rElec   .          Harm     .   (no cloak)
rCorr   .          Rampage  .   (gloves unavailable)
Will    +....                   (boots unavailable)
Stlth   +++.......              (no amulet)
HPRegen 0.09/turn               q - +6 ring of intelligence
MPRegen 0.13/turn               (no ring)

@: lethally poisoned (-1 -> -6), very quick
A: very small, no large weapons, unfitting armour, see invisible, speed 3
a: no special abilities


You were on level 4 of the Dungeon.
You visited 1 branch of the dungeon, and saw 4 of its levels.

You collected 105 gold pieces.

Inventory:

Hand Weapons
 a - a +1 dagger (weapon)
 e - a +0 sling
Armour
 b - a +0 robe (worn)
 f - a +1 hat (worn)
Jewellery
 g - an amulet of guardian spirit
 q - a +6 ring of intelligence (left hand)
Wands
 n - a wand of iceblast (9)
 o - a wand of mindburst (11)
Scrolls
 d - 5 scrolls of identify {unknown}
 h - 2 scrolls of butterflies {unknown}
 i - 2 scrolls of teleportation {unknown}
 r - a scroll of blinking {unknown}
 s - a scroll of amnesia {unknown}
 t - a scroll of silence {unknown}
 u - a scroll of enchant weapon {unknown}
 v - a scroll of fear {unknown}
Potions
 c - 2 potions of invisibility
 j - a potion of ambrosia {unknown}
 k - 2 potions of attraction {unknown}
 l - a potion of degeneration {unknown}
 m - a potion of cancellation {unknown}
 p - a potion of mutation {unknown}
 w - a potion of might {unknown}


   Skills:
 + Level 3.2 Short Blades
 + Level 4.6 Dodging
 + Level 6.3 Stealth
 + Level 4.3 Spellcasting
 + Level 5.0 Hexes


You had 5 spell levels left.
You knew the following spells:

 Your Spells              Type           Power      Damage    Failure   Level
a - Ensorcelled Hibernat  Hex/Ice        32%        N/A       5%          2
b - Confusing Touch       Hex            28%        N/A       3%          3
c - Tukima's Dance        Hex            28%        N/A       3%          3

Your spell library contained the following spells:

 Spells                   Type           Power      Damage    Failure   Level
 Magic Dart               Conj           16%        1d3       11%         1
 Dazzling Flash           Conj/Hex       32%        N/A       11%         3
 Blink                    Tloc           8%         N/A       16%         2
 Call Imp                 Summ           4%         N/A       16%         2
 Lesser Beckoning         Tloc           4%         N/A       30%         3
 Mephitic Cloud           Conj/Pois/Air  4%         N/A       30%         3
 Spider Form              Tmut/Pois      4%         N/A       30%         3
 Anguish                  Hex/Necr       8%         N/A       34%         4
 Manifold Assault         Tloc           4%         N/A       96%         5


Dungeon Overview and Level Annotations

Branches:
Dungeon (4/15)
 Temple: D:4-7

Altars:


Innate Abilities, Weirdness & Mutations

You are very small and have problems with some larger weapons.
You are too small for most types of armour.
You have supernaturally acute eyesight. (SInv)
You cover ground extremely quickly. (Speed+++)


Message History

Casting: Ensorcelled Hibernation (safe; 5% risk of failure)
Confirm with . or Enter, or press ? or * to list all spells.
Aiming: Ensorcelled Hibernation (safe; 5% risk of failure)
Press: ? - help, Shift-Dir - straight line, f - killer bee
Aim: a killer bee (chance to affect: 58%)
The killer bee resists with significant effort.
The endoplasm quivers.
The ball python hisses angrily.
The killer bee barely misses you. The killer bee misses you.
An adder comes into view.
The killer bee misses you. The killer bee barely misses you.
Casting: Ensorcelled Hibernation (safe; 5% risk of failure)
Confirm with . or Enter, or press ? or * to list all spells.
Aiming: Ensorcelled Hibernation (safe; 5% risk of failure)
Press: ? - help, Shift-Dir - straight line, f/p - killer bee
Aim: a killer bee (chance to affect: 58%)
The killer bee resists with significant effort.
The killer bee barely misses you. The killer bee closely misses you.
The killer bee completely misses you. The killer bee stings you!
You are poisoned.
The killer bee poisons you!
The killer bee attacks as you move away!
The killer bee misses you.
The killer bee attacks as you move away!
The killer bee stings you.
You feel sick.
The killer bee attacks as you move away!
The killer bee closely misses you.
Found 25 gold pieces and a runed robe.
You feel sick.
A kobold comes into view. It is wielding a +0 short sword.
The killer bee attacks as you move away!
The killer bee misses you.
You feel sick.
You feel sick. The killer bee misses you. The killer bee stings you.
* * * LOW HITPOINT WARNING * * *
The killer bee attacks as you move away!
The killer bee misses you.
* * * LOW HITPOINT WARNING * * *
You feel sick. The endoplasm freezes you.
You are frozen.
You die...

.. #..#.....### #..
......### ##. #. ...
#. #. ... #######.
##.##... #.......
.....# #.######
####....##.#.# #
#.....<... #.# [#
#.@.....# #.#
$#K.###yJy....# #.#
$#............####.#
##..###Sy..#.##....#
.. #....#.##.####
#S...#.##.#
#.....†...#....#
+.....#.#.######
#.....#.#.#


You could see 3 killer bees, an adder, an endoplasm and a ball python.

Vanquished Creatures
  A black bear (D:2)
  A killer bee (D:4)
  A hound (D:4)
  3 iguanas
  3 adders
  4 worms
  2 dart slugs (D:2)
  5 ball pythons
  5 endoplasms
  2 giant cockroaches (D:1)
  8 hobgoblins
  A quokka (D:1)
  6 bats
  A frilled lizard (D:2)
  4 goblins
  6 kobolds
  8 rats
61 creatures vanquished.

Notes
Turn   | Place    | Note
-------+----------+-------------------------------------------
     0 | D:1      | warriortoast the Spriggan Enchanter began the quest for the
                  | Orb.
     0 | D:1      | Reached XP level 1. HP: 9/9 MP: 5/5
   217 | D:1      | Reached XP level 2. HP: 6/13 MP: 6/6
   517 | D:1      | Learned a level 2 spell: Ensorcelled Hibernation
  1194 | D:2      | Reached XP level 3. HP: 16/16 MP: 3/8
  1338 | D:2      | Learned a level 3 spell: Confusing Touch
  1342 | D:2      | Learned a level 3 spell: Tukima's Dance
  1370 | D:2      | Reached skill level 5 in Stealth
  1447 | D:2      | You fall into a shaft and drop 2 floors!
  1559 | D:4      | Reached XP level 4. HP: 21/21 MP: 10/10
  2517 | D:2      | Noticed a black bear
  2639 | D:2      | Killed a black bear
  2640 | D:2      | Reached XP level 5. HP: 18/24 MP: 2/11
  2780 | D:2      | Found a faded altar of an unknown god.
  2848 | D:2      | Reached skill level 6 in Stealth
  3347 | D:4      | Reached XP level 6. HP: 28/28 MP: 10/13
  3355 | D:4      | Reached skill level 5 in Hexes
  3361 | D:4      | Frozen to death by an endoplasm

Illustrated notes

Levels and vault maps discovered:
D:1:      beargit_arrival_greenhouse, layout_basic, minivault_19
D:2:      layout_rooms, hellmonk_ecumenical_altar_leap_of_faith
D:3:      layout_basic, serial_glass, glass_columns_a, glass_columns_b
D:4:      layout_basic, serial_glass, glass_columns_b, glass_columns_c,
          item_on_display_a, due_unseen_surprise

Skill      XL: |  1  2  3  4  5  6 |
---------------+-------------------+-----
Dodging        | 3 4 |  4.6
Spellcasting   | 3 4 |  4.3
Hexes          | 4 5 |  5.0
Stealth        | 5 6 |  6.3
Short Blades   | 2 3 |  3.2

Action                   |  1- 3 |  4- 6 || total
-------------------------+-------+-------++-------
Melee: Dagger            |    58 |    55 ||   113
 Fire: Sling             |    29 |    17 ||    46
 Cast: Ensorcelled Hiber |     7 |    30 ||    37
 Stab: Sleeping          |    14 |    24 ||    38
Armor: Robe              |    13 |     8 ||    21
Dodge: Dodged            |    59 |    55 ||   114
